 Dungeon Crawl Stone Soup version 0.19.1 (webtiles) character file.

15492 ChaseSP the Impaler (level 12, -5/97 HPs)
             Began as a Merfolk Gladiator on Nov 28, 2016.
             Was an Elder of Yredelemnul.
             Slain by a black mamba (7 damage)
             ... on level 2 of the Lair of Beasts.
             The game lasted 00:26:48 (11493 turns).

ChaseSP the Impaler (Merfolk Gladiator)            Turns: 11493, Time: 00:26:50

Health: -5/97      AC: 14    Str: 18      XL:     12   Next: 27%
Magic:  17/17      EV: 18    Int:  7 (8)  God:    Yredelemnul [****..]
Gold:   221        SH:  0    Dex: 16      Spells: 0 memorised, 11 levels left

rFire  + . .     SeeInvis .     U - +2 glaive (venom)
rCold  . . .     Gourm    .     o - +0 chain mail
rNeg   . . .     Faith    .     (shield currently unavailable)
rPois  .         Spirit   .     r - +0 helmet
rElec  .         Reflect  .     A - +0 cloak
rCorr  .         Harm     .     (no gloves)
MR     .....                    h - +1 pair of boots
Stlth  ..........               (no amulet)
                                L - +4 ring of evasion
                                H - ring of protection from fire

@: no status effects
A: change form in water, swift swim, stealthy swim, blink, deterioration 1,
sense surroundings 1
a: Blink, Recall Undead Slaves, Injury Mirror, Animate Dead, Drain Life,
Renounce Religion


You were on level 2 of the Lair of Beasts.
You worshipped Yredelemnul.
Yredelemnul was greatly pleased with you.
You were near starving.

You visited 3 branches of the dungeon, and saw 13 of its levels.
You also visited: Ossuary.

You collected 538 gold pieces.
You spent 317 gold pieces at shops.

Inventory:

Hand Weapons
 a - a +0 trident
 U - a +2 glaive of venom (weapon)
Missiles
 d - a throwing net (quivered)
Armour
 b - a +0 leather armour
 c - a +0 helmet
 h - a +1 pair of boots (worn)
 o - a +0 chain mail (worn)
 r - a +0 helmet (worn)
 A - a +0 cloak (worn)
 R - a +0 shield
 T - a +0 hat
Jewellery
 u - an uncursed ring of positive energy
 H - a ring of protection from fire (left hand)
 L - a +4 ring of evasion (right hand)
Wands
 E - a wand of confusion (16/48)
 Q - a wand of iceblast (5/15)
 S - a wand of flame (9/48)
Scrolls
 g - a scroll of fog {unknown}
 j - 6 scrolls of remove curse
 k - a scroll of random uselessness
 n - 4 scrolls of teleportation
 s - 2 scrolls of amnesia
 t - 2 scrolls of enchant weapon
 w - 2 scrolls of fear
 y - a scroll of enchant armour
 C - 2 scrolls of noise {unknown}
 D - 2 scrolls of immolation {unknown}
 F - a scroll of identify
 J - a scroll of vulnerability {unknown}
 K - a scroll of recharging {unknown}
 N - 6 scrolls of magic mapping {unknown}
 O - a scroll of blinking {unknown}
Potions
 e - 4 potions of brilliance
 i - 3 potions of curing
 p - 6 potions of lignification
 q - a potion of ambrosia
 v - 4 potions of flight
 x - 2 potions of cancellation
 G - 2 potions of magic
 M - 3 potions of mutation
 V - a potion of berserk rage {unknown}
Books
 m - a book of Debilitation

   Spells                             Type                      Level
   a - Corona                         Hexes                        1
   b - Slow                           Hexes                        2
   c - Gell's Gravitas                Hexes/Translocation          3
   d - Inner Flame                    Hexes/Fire                   3
   e - Cause Fear                     Hexes                        4
   f - Leda's Liquefaction            Hexes/Earth                  4
Comestibles
 f - 7 bread rations
 l - 4 meat rations
 z - 5 beef jerkies
 B - 26 fruits
 P - 2 royal jellies


   Skills:
 + Level 9.7 Fighting
 + Level 16.5 Polearms
 - Level 2.0 Throwing
 - Level 4.5 Armour
 + Level 11.9 Dodging
 + Level 7.9 Invocations


You had 11 spell levels left.
You didn't know any spells.

Dungeon Overview and Level Annotations

Branches:
Dungeon (10/15)            Temple (1/1) D:6            Lair (2/6) D:8
  Swamp: Lair:2-4    Shoals: Lair:2-4     Snake: Lair:2-4    Spider: Lair:2-4
    Orc: D:9-12

Altars:
Ashenzari
Cheibriados
Dithmenos
Elyvilon
Fedhas
Gozag
Hepliaklqana
Kikubaaqudgha
Makhleb
Nemelex Xobeh
Okawaru
Qazlal
Ru
Sif Muna
Trog
Uskayaw
Vehumet
Xom
Yredelemnul
Zin
The Shining One

Shops:
D:6 ?   D:8 !   D:10 *

Annotations:
D:9 Dragon Vault SoResis, exclusion: 2 doors


Innate Abilities, Weirdness & Mutations

You revert to your normal form in water.
You are very nimble and swift while swimming.
You are very stealthy in the water. (Stealth+)
You can translocate small distances at will.
Your body sometimes deteriorates upon taking damage.
You passively map a small area around you.


Message History

The black mamba misses you.
You slice the black mamba!!
The black mamba is moderately wounded.
You feel sick. The black mamba bites you!
* * * LOW HITPOINT WARNING * * *
Your body deteriorates!
You feel dopey. The yak misses you. x2
Unknown command.
You feel better. The black mamba bites you!
* * * LOW HITPOINT WARNING * * *
You are poisoned.
The black mamba poisons you! The yak barely misses you.
The black mamba completely misses you. The yak closely misses you.
You feel better. The black mamba bites you!
* * * LOW HITPOINT WARNING * * *
The yak gores you!
* * * LOW HITPOINT WARNING * * *
The black mamba bites you!
You die...
Your body rises from the dead as a mindless zombie.

##.......... , ,
#................
#....####........
##..##.##.......%. *
, ##...#..$.........
, #...##...|........
##..##............ ,
, ##..##..YYS......#
##P...#..#@##......
,
#....##.###z.......*
###................
, ,
#................
#................
#................, ,
##................
#..#####...#......
##.# ,P.###....#. *


You could see a black mamba, 2 yaks and a friendly flying skull.

Vanquished Creatures
  Josephine (D:9)
  Urug (D:10)
  Nergalle (Lair:1)
  The ghost of stillpimpin the Destroyer, a novice DgFE (D:8)
  A hill giant (D:10)
  A necromancer (D:9)
  A troll (D:9)
  The ghost of Morgon the Cleaver, an amateur HOMo (D:4)
  Prince Ribbit (D:7)
  5 hippogriffs
  2 flying skulls (D:9)
  Sigmund (D:2)
  4 shadows (D:9)
  2 wraiths (D:9)
  2 yaks (Lair:2)
  A wyvern (D:9)
  2 water moccasins (Lair:1)
  A porcupine (Lair:1)
  3 black bears
  An orc warrior (D:9)
  3 ice beasts
  A sky beast (D:7)
  A necrophage (D:9)
  4 ogres
  3 centaurs
  2 crocodiles
  3 big kobolds
  2 elf zombies (Ossuary)
  8 bullfrogs
  A water moccasin zombie (D:9)
  6 scorpions
  13 wights
  10 crimson imps
  3 bullfrog zombies
  6 centaur zombies
  8 hounds
  3 centaur skeletons
  6 human zombies (Ossuary)
  11 orc priests
  6 jellies
  14 orc wizards
  4 bullfrog skeletons (D:9)
  Jessica (D:3)
  4 iguanas
  5 worker ants
  A hound zombie (D:9)
  4 hound skeletons
  3 mummies (Ossuary)
  2 worker ant zombies
  Robin (D:2)
  4 gnolls (D:9)
  A howler monkey skeleton (D:9)
  14 adders
  A shadow imp (D:6)
  An ooze (D:4)
  An adder zombie (D:9)
  2 adder skeletons (D:9)
  3 worms (D:2)
  3 dart slugs
  7 leopard geckos
  37 orcs
  5 giant cockroaches
  17 goblins
  10 hobgoblins
  19 jackals
  3 quokkas
  2 ball pythons
  9 bats
  7 frilled lizards
  14 kobolds
  A leopard gecko skeleton (D:4)
  A leopard gecko zombie (D:9)
  A quokka skeleton (D:9)
  5 rats
340 creatures vanquished.

Vanquished Creatures (collateral kills)
  Gastronok (D:10)
  Sonja (D:10)
  A cyclops (D:10)
  A manticore (D:10)
  2 flying skulls (D:9)
  A hungry ghost (D:10)
  An ogre (D:10)
  2 phantoms
  A crocodile (Lair:1)
  A bullfrog (D:10)
  2 howler monkeys (D:9)
  3 wights (D:10)
  2 hounds (D:10)
  An adder zombie (D:10)
  2 orcs (D:10)
  3 kobolds (D:10)
25 creatures vanquished.

Vanquished Creatures (others)
  2 flying skulls (D:10)
  An ogre zombie (D:8)
  A hound zombie (D:8)
  A mummy (D:10)
  4 orc zombies (D:8)
9 creatures vanquished.

Grand Total: 374 creatures vanquished

Notes
Turn   | Place    | Note
-------+----------+-------------------------------------------
     0 | D:1      | ChaseSP the Merfolk Gladiator began the quest for the Orb.
     0 | D:1      | Reached XP level 1. HP: 16/16 MP: 1/1
   114 | D:1      | Reached skill level 5 in Polearms
   115 | D:1      | Reached XP level 2. HP: 20/22 MP: 2/2
   349 | D:2      | Reached skill level 6 in Polearms
   349 | D:2      | Reached XP level 3. HP: 14/27 MP: 3/3
   622 | D:2      | Reached XP level 4. HP: 29/33 MP: 4/4
   646 | D:2      | Reached skill level 7 in Polearms
   731 | D:2      | Noticed Robin
   766 | D:2      | Killed Robin
   934 | D:2      | Noticed Sigmund
   974 | D:2      | Killed Sigmund
   974 | D:2      | Reached skill level 9 in Polearms
   974 | D:2      | Reached XP level 5. HP: 29/38 MP: 5/5
   974 | D:2      | Reached XP level 6. HP: 34/44 MP: 6/6
  1446 | D:3      | Found a white marble altar of Elyvilon.
  1462 | D:3      | Noticed Jessica
  1465 | D:3      | Killed Jessica
  1465 | D:3      | Reached skill level 10 in Polearms
  2123 | D:4      | Reached XP level 7. HP: 46/50 MP: 7/7
  2211 | D:4      | Reached skill level 11 in Polearms
  2721 | D:4      | Reached skill level 12 in Polearms
  2782 | D:4      | Found a deep blue altar of Sif Muna.
  2933 | D:4      | Found a shimmering altar of Xom.
  3091 | D:4      | Noticed Morgon's ghost (amateur HOMo)
  3106 | D:4      | Killed Morgon's ghost
  3106 | D:4      | Reached skill level 13 in Polearms
  3106 | D:4      | Reached XP level 8. HP: 53/56 MP: 8/8
  3249 | D:5      | Entered Level 5 of the Dungeon
  3455 | D:5      | Reached skill level 14 in Polearms
  3610 | D:5      | Found a sacrificial altar of Ru.
  3971 | D:5      | Reached skill level 1 in Armour
  4293 | D:6      | Reached skill level 5 in Dodging
  4310 | D:6      | Reached XP level 9. HP: 24/64 MP: 9/9
  4514 | D:6      | Identified the Disquisition on the Boosting Rocks
  4616 | D:6      | Found a staircase to the Ecumenical Temple.
  4666 | Temple   | Entered the Ecumenical Temple
  4740 | Temple   | Became a worshipper of Yredelemnul the Dark
  4819 | D:6      | Found Nogh's Magic Scroll Emporium.
  4826 | D:6      | Bought a scroll of teleportation for 42 gold pieces
  5220 | D:6      | Found a blossoming altar of Fedhas.
  5220 | D:6      | Found an ancient bone altar of Kikubaaqudgha.
  5221 | D:6      | Found a hide-covered altar of Uskayaw.
  5286 | D:7      | Noticed Prince Ribbit
  5462 | D:7      | Killed Prince Ribbit
  5519 | D:7      | Found a hazy altar of Hepliaklqana.
  5577 | D:7      | Gained mutation: You can translocate small distances at will. [mutagenic meat]
  5578 | D:7      | Gained mutation: Your body sometimes deteriorates upon taking damage. [mutagenic meat]
  5599 | D:7      | Reached * piety under Yredelemnul
  5628 | D:7      | Reached skill level 5 in Fighting
  5712 | D:7      | Found a sand-covered staircase.
  5761 | Ossuary  | Entered an ossuary
  6019 | Ossuary  | Reached XP level 10. HP: 60/74 MP: 10/10
  6118 | D:7      | Found a snail-covered altar of Cheibriados.
  6271 | D:7      | Found a burning altar of Makhleb.
  6272 | D:7      | Found a shimmering altar of Xom.
  6533 | D:8      | Reached ** piety under Yredelemnul
  6569 | D:8      | Found a staircase to the Lair.
  6589 | D:8      | Reached skill level 15 in Polearms
  6601 | D:8      | Found Doesk's Distillery.
  6871 | D:8      | Reached skill level 1 in Invocations
  7161 | D:8      | Found a shadowy altar of Dithmenos.
  7347 | D:8      | Found a shattered altar of Ashenzari.
  7363 | D:8      | Noticed stillpimpin's ghost (novice DgFE)
  7385 | D:8      | Gained mutation: You passively map a small area around you. [potion of beneficial mutation]
  7397 | D:8      | Killed stillpimpin's ghost
  7495 | D:9      | Noticed Josephine
  7708 | D:9      | Reached *** piety under Yredelemnul
  7739 | D:10     | Entered Level 10 of the Dungeon
  7739 | D:10     | Noticed a hill giant
  7760 | D:10     | Killed a hill giant
  7760 | D:10     | Reached skill level 16 in Polearms
  8086 | D:10     | Reached XP level 11. HP: 51/83 MP: 13/13
  8667 | D:9      | Noticed an ice dragon
  8668 | D:9      | Found a runed door.
  8669 | D:9      | Noticed a fire dragon
  8674 | D:9      | Noticed a fire dragon
  8676 | D:9      | Noticed an ice dragon
  8678 | D:9      | Found a runed door.
  8705 | D:9      | Reached **** piety under Yredelemnul
  8835 | D:9      | Killed Josephine
  8835 | D:9      | Reached skill level 10 in Dodging
  8835 | D:9      | Reached skill level 5 in Invocations
  9184 | D:9      | Noticed a necromancer
  9188 | D:9      | Killed a necromancer
  9459 | D:9      | Received a gift from Yredelemnul (3 flying skulls)
  9665 | D:10     | Found Ofaekh's General Store.
  9665 | D:10     | Noticed Sonja
  9665 | D:10     | Noticed a manticore
  9669 | D:10     | Noticed a cyclops
  9669 | D:10     | Killed a manticore
  9969 | D:10     | Killed Sonja
  9975 | D:10     | Killed a cyclops
  9976 | D:10     | Received a gift from Yredelemnul (a mummy)
 10077 | D:10     | Bought an uncursed ring of protection from fire for 275 gold pieces
 10169 | D:10     | Noticed Gastronok
 10183 | D:10     | Killed Gastronok
 10183 | D:10     | Reached XP level 12. HP: 85/95 MP: 17/17
 10297 | D:10     | Noticed Urug
 10314 | D:10     | Killed Urug
 10379 | D:10     | Reached ***** piety under Yredelemnul
 10692 | Lair:1   | Entered Level 1 of the Lair of Beasts
 10831 | Lair:1   | Noticed Nergalle
 10842 | Lair:1   | Killed Nergalle
 11493 | Lair:2   | HP: 2/97 [yak (12)]
 11493 | Lair:2   | Slain by a black mamba

Skill      XL: |  1  2  3  4  5  6  7  8  9 10 11 |
---------------+----------------------------------+-----
Polearms       | 5 6 9 10 13 14 16 | 16.5
Armour         | 2 4 |  4.5
Fighting       | 3 5 6 9 |  9.7
Dodging        | 5 7 9 11 | 11.9
Invocations    | 3 7 |  7.9
Throwing       | |  2.0

Action                   |  1- 3 |  4- 6 |  7- 9 | 10-12 || total
-------------------------+-------+-------+-------+-------++-------
Melee: Trident           |   105 |   171 |   458 |       ||   734
       Halberd           |       |       |   147 |   605 ||   752
       Glaive            |       |       |       |    80 ||    80
Throw: Throwing net      |     2 |       |       |       ||     2
Invok: Animate Remains   |       |       |       |     6 ||     6
       Recall Undead Sla |       |       |       |     2 ||     2
       Drain Life        |       |       |       |     1 ||     1
       Animate Dead      |       |       |       |     3 ||     3
  Use: Potion            |       |     2 |     1 |     7 ||    10
       Scroll            |       |       |     6 |    10 ||    16
 Stab: Distracted        |       |       |       |     3 ||     3
  Eat: Chunk             |       |     4 |    15 |    19 ||    38
       Fruit             |       |       |       |     2 ||     2
Armor: Leather armour    |    15 |       |       |       ||    15
       Chain mail        |    18 |    65 |   231 |   187 ||   501
Dodge: Dodged            |    54 |    47 |   185 |   351 ||   637
